 Dungeon Crawl Stone Soup version 0.31.0-11-ge490571c62 (webtiles) character file.

Game seed: 1158030211557351170

287554 Goncyn the Slayer (level 19, -4/283 HPs)
             Began as a Minotaur Berserker on Jan 25, 2024.
             Was the Champion of Trog.
             Succumbed to an eldritch tentacle's poison
             ... in a wizard's laboratory on Jan 27, 2024.
             The game lasted 04:54:43 (36589 turns).

Goncyn the Slayer (Minotaur Berserker)             Turns: 36589, Time: 04:54:44

Health: -4/283     AC: 30    Str: 26    XL:     19   Next: 86%
Magic:  18/18      EV: 12    Int:  6    God:    Trog [******]
Gold:   1441       SH: 21    Dex: 12    Spells: 18/18 levels left

rFire   + + +        a - +7 broad axe (flame)
rCold   + + .        V - +2 shield of Resistance {rF++ rC++ Will++}
rNeg    . . .        g - +1 plate armour {rF+}
rPois   +            Y - +2 hat
rElec   .            o - +2 cloak
rCorr   .            P - +0 pair of gloves
SInv    +            I - +0 pair of boots
Will    +++..        S - amulet of reflection Stlth
                     k - ring of see invisible
HPRegen 0.00/turn    K - ring of poison resistance
MPRegen 0.16/turn

%: reflection
@: berserking (expiring), lethally poisoned (-4 -> -44), sick, invisible, very
quick
A: horns 2, retaliatory headbutt, devolution 1
}: 2/15 runes: decaying, serpentine
a: Renounce Religion, Berserk, Trog's Hand, Brothers in Arms


You were in a wizard's laboratory.
You worshipped Trog.
Trog was exalted by your worship.
You visited 8 branches of the dungeon, and saw 34 of its levels.
You visited the Abyss 1 time.
You also visited: Ice Cave, Volcano and Wizlab.

You collected 3880 gold pieces.
You spent 2439 gold pieces at shops.

Inventory:

Hand Weapons
 a - a +7 broad axe of flaming (weapon)
Missiles
 h - 11 boomerangs (quivered)
 i - 3 silver javelins
 v - 5 datura-tipped darts
 H - 2 curare-tipped darts
Armour
 g - a +1 plate armour of fire resistance (worn)
 o - a +2 cloak (worn)
 I - a +0 pair of boots (worn)
 P - a +0 pair of gloves (worn)
 V - the +2 shield of Resistance (worn) {rF++ rC++ Will++}
   (You found it on level 10 of the Dungeon)

   rF++:      It greatly protects you from fire.
   rC++:      It greatly protects you from cold.
   Will++:    It greatly increases your willpower.
 Y - a +2 hat (worn)
Jewellery
 b - a ring of positive energy
 k - a ring of see invisible (left hand)
 l - a ring of resist corrosion
 E - a +6 ring of strength
 K - a ring of poison resistance (right hand)
 S - an amulet of reflection (around neck)
 W - a ring of flight
Wands
 A - a wand of roots (30)
 Q - a wand of digging (4)
 R - a wand of acid (35)
 U - a wand of paralysis (40)
Scrolls
 d - a scroll of silence
 e - 12 scrolls of teleportation
 j - a scroll of revelation
 n - 3 scrolls of fog
 u - 6 scrolls of poison
 B - 2 scrolls of summoning
 D - 3 scrolls of fear
 F - 4 scrolls of identify
 G - 4 scrolls of immolation
 O - 3 scrolls of enchant armour
Potions
 m - 10 potions of curing
 q - 2 potions of invisibility
 s - 3 potions of cancellation
 t - 7 potions of enlightenment
 x - 4 potions of ambrosia
 J - 5 potions of magic
 M - 4 potions of haste
 T - 5 potions of heal wounds
 X - 2 potions of might
Miscellaneous
 c - a sack of spiders
 p - a phial of floods
 z - a phantom mirror
 L - a lightning rod (4/4)
 N - a tin of tremorstones (2/2)


   Skills:
 * Level 21.1 Fighting
 - Level 18.0 Axes
 - Level 0.7(11.7) Maces & Flails
 - Level 12.0 Throwing
 * Level 20.7 Armour
 - Level 13.0 Dodging
 * Level 18.5 Shields
 - Level 6.0 Evocations


You had 18 spell levels left.
You didn't know any spells.
Your spell library was empty.

Dungeon Overview and Level Annotations

Branches:
Dungeon (15/15)            Temple (1/1) D:6            Lair (5/5) D:11
  Swamp (4/4) Lair:3        Snake (4/4) Lair:2        Slime (0/5) Lair:4
    Orc (2/2) D:11            Elf (2/3) Orc:2        Vaults (1/5) D:14
 Depths (0/4) D:15          IceCv (visited)         Volcano (visited)
 WizLab (1/1)

Altars:
Ashenzari
Cheibriados
Dithmenos
Elyvilon
Fedhas
Gozag
Hepliaklqana
Kikubaaqudgha
Makhleb
Nemelex Xobeh
Okawaru
Qazlal
Ru
Sif Muna
Trog
Uskayaw
Vehumet
Wu Jian
Xom
Yredelemnul
Zin
The Shining One

Shops:
D:6 *   Orc:1 =(*?   Orc:2 =(*[   Elf:1 *   Snake:1 =   Snake:2 :!**
Vaults:1 [

Portals:
Trove: D:14 (give +6 demon trident)

Annotations:
Elf:2 3 runed translucent doors WizLab 8 transporters


Innate Abilities, Weirdness & Mutations

You have a pair of horns on your head.
You reflexively headbutt those who attack you in melee.
You have hidden genetic defects.


Message History

Your cyclops hits the reaper! You slash the obsidian statue!
You destroy the obsidian statue!
Trog accepts your kill.
The red devil disappears in a puff of smoke!
The rust devil disappears in a puff of smoke!
You slash the eldritch tentacle! You hit the ghost moth.
You burn the ghost moth. The ghost moth barely misses you.
The ghost moth hits you but does no damage.
The ghost moth closely misses you.
The eldritch tentacle slaps you but does no damage.
The eldritch tentacle claws you but does no damage.
The reaper hits your cyclops with a +1 scythe of distortion!!
The reaper drags your cyclops backwards!
Your cyclops blinks!
Your skin stops crawling.
You feel less strong-willed.
Okay, then.
You feel a strong urge to attack something.
The eldritch tentacle completely misses you.
The eldritch tentacle claws you!
* * * LOW HITPOINT WARNING * * *
The reaper hits your cyclops from afar with a +1 scythe of distortion!!
Space warps horribly around your cyclops!
You see here the +1 cloak of Starlight {*Dazzle EV+4 Stlth--}.
You are too berserk!
You feel less confused.
The ghost moth hits your cyclops but does no damage.
The ghost moth hits your cyclops!
Your cyclops dies!
Your cyclops's corpse disappears in a puff of smoke!
The eldritch tentacle slaps you!
* * * LOW HITPOINT WARNING * * *
You are lethally poisoned!
The eldritch tentacle poisons you! The eldritch tentacle claws you!
* * * LOW HITPOINT WARNING * * *
The eldritch tentacle draws strength from your injuries!
An eldritch tentacle segment comes into view.
You are too berserk!
You feel your anger nearly subside.
You die...

#≈..#...^...#.#.#.#.#..#≈..≈##.
####....#.######∩######.#......
###.##.##^.####^§###§^####..##.##
#.##..≈###.####§§§#§§§####.###≈.#
....#..##.####§.?....§§####..#..#
##.#..^≈#..#§§.....§?.§§§#.≈≈..##
####.###.##§§§..#*#....§##.#^.#.
##.#.#.##...##│##?.§##.#...#.
#..≈.#©##..@.w.w..##∩##^.### y..
#...#)##§..##[##.§§##.#.≈.## #.
#..#.##§§/.[#.#..§§.##..##.# ..
#.##..#§§..2y....§§§#.≈≈#^.. .
###.##.####⌠.?[§.:?©####.##.##
h###≈.###..####§§.#.§§####..###.#
##≈###..^≈.####§§###§§####..#..#≈
..#.#.#.#.#.######©######.....≈^#
.#..##.#.#^≈..#.#.#.#.#..#≈≈.#.##


You could see 2 eldritch tentacles, a ghost moth (invisible, unable to see you)
and a reaper (unaware).

Vanquished Creatures
  Mara (Swamp:4)
  Vashnia (Snake:4)
  Nikola (Swamp:2)
  A bone dragon (Abyss:3)
  The ghost of Tunlugh the Earth Mage, an adept GrEE of Vehumet (Lair:4)
  A tentacled monstrosity (Swamp:4)
  Jorgrun (Elf:1)
  A shard shrike skeleton (Abyss:3)
  Rupert (D:15)
  Mlioglotl (Swamp:4)
  A lich (Abyss:3)
  Gastronok (Lair:1)
  2 tentacled starspawn
  Aizul (Snake:1)
  2 thorn hunters (Swamp:4)
  Roxanne (D:15)
  Donald (Swamp:2)
  3 fenstrider witches (Swamp:4)
  3 nagarajas (Snake:4)
  A ghost moth (WizLab)
  The ghost of Drazool the Geomancer, a journeyman KoEE of Sif Muna (Orc:2)
  A caustic shrike skeleton (Abyss:3)
  An orc warlord (Orc:2)
  2 ironbound preservers (Vaults:1)
  2 ironbound thunderhulks
  A very ugly thing (Abyss:3)
  3 eleionomae
  A deep elf annihilator (Elf:1)
  A black draconian (WizLab)
  3 dire elephants (Vaults:1)
  4 bunyips
  3 green deaths
  Snorg (D:12)
  An entropy weaver (shapeshifter) (D:9)
  Fannar (Lair:3)
  A yaktaur captain (Vaults:1)
  A deep elf high priest (Elf:1)
  A spriggan air mage (Swamp:4)
  16 hydras
  2 salamander tyrants
  5 ghost crabs
  5 alligators
  3 catoblepae (Lair:5)
  Erica (D:8)
  An ironbound frostheart (Vaults:1)
  6 centaur warriors
  9 anacondas
  4 boulder beetles
  6 two-headed ogres
  2 satyrs (Abyss:3)
  13 death yaks
  9 dancing weapons
  A demonic crawler (Abyss:3)
  12 naga warriors
  An occultist (Swamp:4)
  The ghost of Jokingforfun the Fighter, a novice OnBe of Trog (D:7)
  A tengu warrior (D:9)
  18 naga sharpshooters
  Urug (Lair:1)
  3 orc high priests
  11 deep elf knights
  7 shock serpents
  2 thrashing horrors (Abyss:3)
  Sonja (D:12)
  Nergalle (Lair:3)
  A soul eater (Swamp:4)
  A wretched star (Abyss:3)
  The ghost of freelancePsychic the Trooper, a novice FoDe of Nemelex Xobeh (D:7)
  6 salamander mystics
  A sixfirhy (Swamp:4)
  3 skysharks
  A shadow wraith (Abyss:3)
  4 goliath frogs
  6 deep trolls (Vaults:1)
  4 spriggan druids
  2 obsidian statues (WizLab)
  A glowing orange brain (D:15)
  An orange crystal statue (Snake:1)
  8 naga ritualists
  A shadow demon (WizLab)
  13 mana vipers
  2 arcanists
  2 bog bodies
  An orb spider (WizLab)
  5 swamp dragons
  An anaconda skeleton (WizLab)
  4 orc knights
  30 deep elf pyromancers
  13 deep elf archers
  A necromancer (IceCv)
  A phantasmal warrior (Abyss:3)
  17 deep elf zephyrmancers
  11 orc sorcerers
  2 will-o-the-wisps
  14 ugly things
  A manticore (shapeshifter) (D:14)
  A worldbinder (WizLab)
  5 manticores
  7 cyclopes
  16 salamanders
  Maurice (D:8)
  2 ice statues
  6 meliai
  5 kobold blastminers (Orc:1)
  A naga zombie (Abyss:3)
  10 elephants
  A black mamba (shapeshifter) (D:9)
  7 guardian serpents
  2 vault sentinels (Vaults:1)
  14 cane toads
  17 naga magi
  4 molten gargoyles (Volcano)
  4 orange demons (Swamp:4)
  34 black mambas
  Maggie (D:8)
  2 gargoyles
  2 smoke demons (Swamp:4)
  2 efreet
  A rime drake (shapeshifter) (D:9)
  2 large abominations (Abyss:3)
  An unseen horror (Abyss:3)
  3 freezing wraiths (IceCv)
  A kobold demonologist (D:9)
  3 rime drakes
  13 komodo dragons
  3 anaconda simulacra (IceCv)
  3 yaktaurs (Vaults:1)
  A tengu conjurer (D:15)
  16 ice devils
  Psyche (D:8)
  A troll (shapeshifter) (Elf:2)
  2 ancient zymes (Abyss:3)
  6 trolls
  A bloated husk (Swamp:1)
  6 hellwings
  A merfolk (shapeshifter) (D:15)
  5 starcursed masses (WizLab)
  8 tyrant leeches
  2 polar bears
  A raiju (shapeshifter) (D:13)
  21 blink frogs
  Grinder (D:3)
  7 hornets
  A tarantella (shapeshifter) (Elf:1)
  5 dream sheep (Lair:4)
  2 air elementals
  9 slime creatures
  2 water elementals
  19 spriggans
  A shadow (D:12)
  A jumping spider (WizLab)
  54 yaks
  The ghost of BillyBaka the Trooper, an amateur MiFi (D:4)
  4 wraiths
  11 wyverns
  A human (shapeshifter) (D:15)
  2 wargs
  2 steam dragons
  A fire elemental (Elf:1)
  A human (D:14)
  6 basilisks
  12 vampire mosquitoes
  2 death yak simulacra (IceCv)
  3 chaos spawn
  A redback (shapeshifter) (Vaults:1)
  A neqoxec (Abyss:3)
  43 nagas
  A harpy simulacrum (IceCv)
  2 hydra simulacra (IceCv)
  An acid dragon (D:11)
  16 swamp worms
  33 water moccasins
  3 hell hounds
  Duvessa (D:4)
  23 orc warriors
  2 swamp drakes
  An ice beast (D:6)
  3 black bears
  A hornet zombie (D:7)
  A laughing skull (D:9)
  15 centaurs
  7 wolves
  5 ogres
  2 phantoms
  A kobold brigand (D:10)
  18 bullfrogs
  A gnoll sergeant (D:8)
  4 scorpions
  3 cane toad simulacra (IceCv)
  10 wights
  2 troll zombies (D:11)
  Dowan (D:4)
  6 killer bees (D:9)
  6 elephant simulacra (IceCv)
  5 howler monkeys
  An electric eel (D:9)
  3 centaur zombies (D:7)
  A hound (D:4)
  A quasit (Abyss:3)
  24 orc priests
  A jelly (D:5)
  3 iguanas
  A sleepcap (D:7)
  Terence (D:2)
  26 orc wizards
  A troll simulacrum (IceCv)
  3 hell rats (D:15)
  2 polar bear simulacra (IceCv)
  A spriggan simulacrum (IceCv)
  7 wolf simulacra (IceCv)
  6 killer bee zombies (D:7)
  6 ogre zombies (D:11)
  A howler monkey zombie (D:7)
  Robin (D:4)
  8 adders
  10 gnolls
  2 naga simulacra (IceCv)
  2 white imps (IceCv)
  5 dart slugs
  2 ribbon worms
  69 orcs
  8 endoplasms
  2 giant cockroaches (D:1)
  2 gnoll zombies (D:11)
  18 goblins
  3 hobgoblins
  6 quokkas
  7 ball pythons
  4 bats
  5 gnoll skeletons (D:11)
  10 kobolds
  2 orc skeletons (D:11)
  16 orc zombies (D:11)
  2 rats (D:1)
  A starspawn tentacle (WizLab)
1243 creatures vanquished.

Vanquished Creatures (collateral kills)
  A quicksilver dragon (Snake:4)
  A deep elf knight (Elf:2)
2 creatures vanquished.

Vanquished Creatures (others)
  2 deep elf knights (Elf:1)
  A spriggan druid (Swamp:3)
  A swamp dragon (Swamp:3)
  A will-o-the-wisp (Swamp:3)
  A black mamba (Snake:2)
  A hornet (Swamp:4)
  A naga (Snake:2)
  An orc wizard (D:11)
  A lurking horror (Abyss:3)
  5 starspawn tentacles
15 creatures vanquished.

Grand Total: 1260 creatures vanquished

Notes
Turn   | Place    | Note
-------+----------+-------------------------------------------
     0 | D:1      | Goncyn the Minotaur Berserker began the quest for the Orb.
     0 | D:1      | Reached XP level 1. HP: 19/19 MP: 0/0
   215 | D:1      | Reached XP level 2. HP: 26/27 MP: 1/1
   355 | D:1      | Reached skill level 4 in Fighting
   567 | D:1      | Reached XP level 3. HP: 33/33 MP: 2/2
   712 | D:2      | Reached ** piety under Trog
   780 | D:2      | Noticed Terence
   790 | D:2      | Killed Terence
   899 | D:2      | Reached XP level 4. HP: 41/41 MP: 3/3
  1127 | D:2      | Found a faded altar of an unknown god.
  1415 | D:3      | Reached skill level 1 in Throwing
  1692 | D:3      | Identified the ring "Wostis" {*Corrode Dex+4 Slay+4}
  1772 | D:3      | Noticed Grinder
  1782 | D:3      | Killed Grinder
  1783 | D:3      | Reached skill level 5 in Fighting
  1783 | D:3      | Reached skill level 5 in Axes
  1783 | D:3      | Reached XP level 5. HP: 48/48 MP: 4/4
  1783 | D:3      | Reached XP level 6. HP: 56/56 MP: 5/5
  1899 | D:4      | Noticed Robin
  1911 | D:4      | Killed Robin
  1969 | D:4      | Noticed Duvessa
  1969 | D:4      | Noticed Dowan
  1977 | D:4      | Killed Duvessa
  1978 | D:4      | Killed Dowan
  2032 | D:4      | Found a runed translucent door.
  2033 | D:4      | Noticed BillyBaka's ghost (amateur MiFi)
  2200 | D:4      | Reached skill level 5 in Armour
  2200 | D:4      | Reached XP level 7. HP: 60/62 MP: 4/6
  2488 | D:4      | Reached skill level 6 in Fighting
  2829 | D:4      | Killed BillyBaka's ghost
  2877 | D:5      | Entered Level 5 of the Dungeon
  3089 | D:5      | Reached XP level 8. HP: 27/71 MP: 5/7
  3614 | D:6      | Reached *** piety under Trog
  3670 | D:6      | Reached skill level 7 in Fighting
  3722 | D:6      | Found a staircase to the Ecumenical Temple.
  3743 | Temple   | Entered the Ecumenical Temple
  3800 | D:6      | Found Kodijebo's Fire Supplies.
  4199 | D:7      | Reached skill level 5 in Dodging
  4288 | D:7      | Reached skill level 8 in Fighting
  4288 | D:7      | Reached XP level 9. HP: 75/81 MP: 8/8
  4338 | D:7      | Found a glowing golden altar of the Shining One.
  4623 | D:7      | Found a runed translucent gate.
  4623 | D:7      | Found a runed translucent gate.
  4623 | D:7      | Found a runed translucent gate.
  4625 | D:7      | Noticed freelancePsychic's ghost (novice FoDe)
  4625 | D:7      | Noticed Jokingforfun's ghost (novice OnBe)
  4638 | D:7      | Killed Jokingforfun's ghost
  4641 | D:7      | Killed freelancePsychic's ghost
  4642 | D:7      | Reached skill level 9 in Fighting
  4930 | D:7      | Reached XP level 10. HP: 91/91 MP: 9/9
  5207 | D:7      | Reached skill level 5 in Throwing
  5285 | D:8      | Noticed Maggie
  5291 | D:8      | Killed Maggie
  5408 | D:8      | Noticed Erica
  5408 | D:8      | Noticed Maurice
  5421 | D:8      | Maurice stole the ring "Wostis" {*Corrode Dex+4 Slay+4}
  5423 | D:8      | Maurice stole 5 curare-tipped darts
  5424 | D:8      | Killed Erica
  5425 | D:8      | Reached skill level 10 in Fighting
  5426 | D:8      | Maurice stole a +2 trident of venom
  5427 | D:8      | Killed Maurice
  5428 | D:8      | Reached skill level 10 in Axes
  5454 | D:8      | Noticed Psyche
  5464 | D:8      | Reached **** piety under Trog
  6173 | D:8      | Reached skill level 10 in Armour
  6211 | D:8      | Killed Psyche
  6375 | D:9      | Noticed an entropy weaver
  6386 | D:9      | Killed an entropy weaver
  6502 | D:9      | Noticed a deep elf pyromancer
  6502 | D:9      | Noticed a centaur warrior
  6522 | D:9      | Killed a deep elf pyromancer
  6523 | D:9      | Reached XP level 11. HP: 98/101 MP: 10/10
  6553 | D:9      | Killed a centaur warrior
  6554 | D:9      | Reached skill level 11 in Fighting
  7094 | D:9      | Found a radiant altar of Vehumet.
  7097 | D:9      | Found a shimmering altar of Xom.
  7257 | D:9      | Noticed a tengu warrior
  7288 | D:9      | Reached skill level 1 in Evocations
  7305 | D:9      | Killed a tengu warrior
  7427 | D:9      | Noticed a two-headed ogre
  7436 | D:9      | Killed a two-headed ogre
  7437 | D:9      | Reached skill level 1 in Shields
  7629 | D:9      | Noticed a two-headed ogre
  7642 | D:9      | Killed a two-headed ogre
  7772 | D:10     | Entered Level 10 of the Dungeon
  7789 | D:10     | Found a broken altar of Ashenzari.
  8087 | D:10     | Reached skill level 12 in Fighting
  8141 | D:10     | Found the +2 shield of Resistance {rF++ rC++ Will++}
  8661 | D:11     | Noticed a two-headed ogre
  8665 | D:11     | Killed a two-headed ogre
  8764 | D:11     | Noticed a two-headed ogre
  8780 | D:11     | Killed a two-headed ogre
  8781 | D:11     | Reached XP level 12. HP: 77/112 MP: 11/11
  8817 | D:11     | Noticed a two-headed ogre
  8824 | D:11     | Noticed a two-headed ogre
  8837 | D:11     | Killed a two-headed ogre
  8853 | D:11     | Killed a two-headed ogre
  8856 | D:11     | Reached ***** piety under Trog
  8885 | D:11     | Reached skill level 5 in Shields
  9168 | D:11     | Found a staircase to the Lair.
  9232 | D:11     | Found a staircase to the Orcish Mines.
  9288 | D:11     | Identified the +3 sling of the Lesser Evil {freeze, rElec
                  | rF+ Str-3 Int+3}
  9483 | Lair:1   | Entered Level 1 of the Lair of Beasts
  9525 | Lair:1   | Noticed Urug
  9542 | Lair:1   | Killed Urug
  9748 | Lair:1   | Received a gift from Trog
  9927 | Lair:1   | Reached skill level 13 in Fighting
 10093 | Lair:1   | Noticed Gastronok
 10118 | Lair:1   | Killed Gastronok
 10282 | Lair:2   | Noticed a death yak
 10292 | Lair:2   | Noticed a death yak
 10306 | Lair:1   | Killed a death yak
 10323 | Lair:2   | Noticed a death yak
 10323 | Lair:2   | Noticed a death yak
 10323 | Lair:2   | Noticed a death yak
 10336 | Lair:2   | Killed a death yak
 10340 | Lair:2   | Killed a death yak
 10340 | Lair:2   | Killed a death yak
 10341 | Lair:2   | Reached XP level 13. HP: 68/122 MP: 12/12
 10710 | Lair:2   | Found the +8 whip "Snakebite" {venom, curare, rPois}
 10949 | Lair:2   | Found a staircase to the Snake Pit.
 11897 | Lair:3   | Noticed Nergalle
 11907 | Lair:3   | Killed Nergalle
 11907 | Lair:3   | Received a gift from Trog
 11959 | Lair:3   | Noticed Fannar
 11986 | Lair:3   | Killed Fannar
 11987 | Lair:3   | Reached skill level 14 in Fighting
 12773 | Lair:3   | Found a staircase to the Swamp.
 13387 | Lair:4   | Reached XP level 14. HP: 133/133 MP: 4/13
 13643 | Lair:4   | Found a transporter.
 13732 | Lair:4   | Found a transporter.
 13732 | Lair:4   | Noticed Tunlugh's ghost (adept GrEE)
 13867 | Lair:4   | Found a staircase to the Slime Pits.
 13926 | Lair:5   | Entered Level 5 of the Lair of Beasts
 14062 | Lair:5   | Found a dark tunnel.
 14075 | Volcano  | Entered a volcano
 14109 | Volcano  | Received a gift from Trog
 14150 | Volcano  | Reached skill level 10 in Shields
 14288 | Volcano  | Noticed an orb of fire
 14373 | Volcano  | Noticed an orb of fire
 14422 | Volcano  | Reached skill level 15 in Fighting
 14907 | Lair:5   | Reached skill level 10 in Dodging
 15214 | Lair:5   | Reached skill level 15 in Axes
 16214 | D:12     | Reached XP level 15. HP: 138/143 MP: 4/14
 16262 | D:12     | Found a frozen archway.
 16276 | IceCv    | Entered an ice cave
 16282 | IceCv    | Reached ****** piety under Trog
 16401 | IceCv    | Reached skill level 15 in Armour
 16438 | IceCv    | Received a gift from Trog
 16480 | IceCv    | Found an ancient bone altar of Kikubaaqudgha.
 16936 | D:12     | Noticed Snorg
 16951 | D:12     | Killed Snorg
 16978 | D:12     | Noticed Sonja
 16988 | D:12     | Reached skill level 16 in Fighting
 16991 | D:12     | Killed Sonja
 17170 | D:12     | Found a snail-covered altar of Cheibriados.
 17240 | Orc:1    | Entered Level 1 of the Orcish Mines
 17240 | Orc:1    | Found Qogeqen's Magic Scroll Emporium.
 17257 | Orc:1    | Bought a scroll of revelation for 90 gold pieces
 17257 | Orc:1    | Bought a scroll of blinking for 90 gold pieces
 17257 | Orc:1    | Bought a scroll of identify for 24 gold pieces
 17313 | Orc:1    | Found Joj Beseg's General Store.
 17333 | Orc:1    | Bought a scroll of identify for 30 gold pieces
 17342 | Orc:1    | Found Pasm's Jewellery Emporium.
 17588 | Orc:2    | Entered Level 2 of the Orcish Mines
 17620 | Orc:2    | Found a staircase to the Elven Halls.
 17638 | Orc:2    | Received a gift from Trog
 17690 | Orc:1    | Found Xiliqopt's Antique Weapon Boutique.
 17944 | Orc:2    | Found a runed translucent gate.
 17944 | Orc:2    | Found a runed translucent gate.
 17944 | Orc:2    | Found a runed translucent gate.
 17947 | Orc:2    | Noticed Drazool's ghost (journeyman KoEE)
 17988 | Orc:2    | Killed Drazool's ghost
 18518 | Orc:2    | Identified the +8 broad axe of Popular Demand {heavy, rC+}
                  | (Trog gifted it to you on level 2 of the Orcish Mines)
 18518 | Orc:2    | Received a gift from Trog
 18589 | Orc:2    | Found Plog's General Store.
 18613 | Orc:2    | Found Ubroexto's Jewellery Shop.
 18720 | Orc:2    | Found Jamexeque's Antique Armour Shop.
 18735 | Orc:2    | Found Heacail's Antique Weapon Shop.
 18759 | Orc:2    | Bought a runed cloak for 285 gold pieces
 18786 | Orc:2    | Bought the amulet of Vitality {RegenMP++ Regen++} for 1600
                  | gold pieces
 18786 | Orc:2    | Found the amulet of Vitality {RegenMP++ Regen++}
 19003 | D:13     | Identified the +0 ring mail "Arrat" {Rampage rC+}
 20116 | D:14     | Found a gate to the Vaults.
 20172 | D:14     | Found a portal to a secret trove of treasure.
 20219 | D:14     | Reached skill level 10 in Throwing
 20235 | D:14     | Reached XP level 16. HP: 152/152 MP: 5/15
 20395 | D:14     | Received a gift from Trog
 20558 | D:15     | Entered Level 15 of the Dungeon
 20692 | D:15     | Noticed Rupert
 20715 | D:15     | Killed Rupert
 20841 | D:15     | Noticed Roxanne
 21568 | D:15     | Killed Roxanne
 21569 | D:15     | Reached skill level 17 in Fighting
 21666 | D:15     | Found a staircase to the Depths.
 21863 | Snake:1  | Entered Level 1 of the Snake Pit
 22228 | Snake:1  | Received a gift from Trog
 22293 | Snake:1  | Identified the serpent talisman of the Monkey {rN+ MP-9
                  | Stlth+}
 22293 | Snake:1  | Noticed Aizul
 22314 | Snake:1  | Killed Aizul
 22547 | Snake:1  | Found Girgha's Jewellery Boutique.
 22555 | Snake:1  | Bought a ring of poison resistance for 320 gold pieces
 22622 | Snake:1  | Found a transporter.
 22623 | Snake:1  | Found a transporter.
 23322 | Snake:2  | Found a hazy altar of Hepliaklqana.
 23889 | Snake:2  | Found Zequt's General Store.
 23889 | Snake:2  | Found Qieteng's Book Shop.
 23908 | Snake:2  | Found Etaxt's Distillery.
 23909 | Snake:2  | Found Koesavva's Assorted Antiques.
 24366 | Snake:3  | Reached XP level 17. HP: 163/163 MP: 5/16
 24416 | Snake:3  | Received a gift from Trog
 25128 | Snake:4  | Entered Level 4 of the Snake Pit
 25250 | Snake:4  | Noticed Vashnia
 25451 | Snake:4  | Killed Vashnia
 25551 | Snake:4  | Reached skill level 18 in Fighting
 25572 | Snake:4  | HP: 7/152 [salamander/+0 glaive (23)]
 25974 | Snake:4  | Reached skill level 5 in Evocations
 26089 | Snake:4  | Noticed a quicksilver dragon
 26257 | Snake:4  | Killed a quicksilver dragon
 26294 | Snake:4  | Got a serpentine rune of Zot
 26375 | Snake:4  | Received a gift from Trog
 26419 | Snake:4  | Reached skill level 15 in Shields
 26743 | Swamp:1  | Entered Level 1 of the Swamp
 27656 | Swamp:2  | Noticed Donald
 27687 | Swamp:2  | Killed Donald
 27928 | Swamp:2  | Upgraded the game from 0.31.0-10-gcf4a605ca0 to
                  | 0.31.0-11-ge490571c62
 28020 | Swamp:2  | Reached XP level 18. HP: 128/173 MP: 17/17
 28118 | Swamp:2  | Noticed Nikola
 28139 | Swamp:2  | Killed Nikola
 29067 | Swamp:3  | Received a gift from Trog
 29373 | Swamp:4  | Entered Level 4 of the Swamp
 29690 | Swamp:4  | Reached skill level 19 in Fighting
 30042 | Swamp:4  | Identified the +0 longbow "Wywaz" {elec, +Blink rElec rN+
                  | rCorr Dex-5}
 30250 | Swamp:4  | Noticed a tentacled monstrosity
 30265 | Swamp:4  | Killed a tentacled monstrosity
 30491 | Swamp:4  | Got a decaying rune of Zot
 30540 | Swamp:4  | Paralysed by a fenstrider witch for 5 turns
 30790 | Swamp:4  | Noticed Mara
 30802 | Swamp:4  | Noticed Goncyn's illusion
 30811 | Swamp:4  | Killed Mara
 30978 | Swamp:4  | Noticed Mlioglotl
 30995 | Swamp:4  | Killed Mlioglotl
 30995 | Swamp:4  | Received a gift from Trog
 31352 | Elf:1    | Entered Level 1 of the Elven Halls
 31483 | Elf:1    | Found Xokheppe's Mass Market.
 31948 | Elf:1    | Noticed Jorgrun
 31960 | Elf:1    | Killed Jorgrun
 32543 | Elf:1    | Reached XP level 19. HP: 180/184 MP: 18/18
 32881 | Elf:2    | Reached skill level 20 in Fighting
 33375 | Elf:2    | Found a runed translucent gate.
 33375 | Elf:2    | Found a runed translucent gate.
 33375 | Elf:2    | Found a runed translucent gate.
 33377 | Elf:2    | Paralysed by an air elemental for 1 turns
 33473 | Elf:2    | Received a gift from Trog
 34355 | Snake:1  | Identified the -1 pair of gloves "Tiawuyn" {rF+ Int+6
                  | Dex-2}
 34361 | Snake:1  | Identified the +2 leather armour of Leaves {rC+ Stlth+}
 34594 | Lair:4   | Killed Tunlugh's ghost
 34930 | Vaults:1 | Entered Level 1 of the Vaults
 35410 | Vaults:1 | Found Qaoll's Antique Armour Shop.
 35486 | Vaults:1 | Found a magical portal.
 35495 | WizLab   | Entered The Roulette of Golubria
 35495 | WizLab   | Found a transporter.
 35498 | WizLab   | Found the +1 cloak of Starlight {*Dazzle EV+4 Stlth--}
 35498 | WizLab   | Found a corrupted altar of Lugonu.
 35509 | WizLab   | Received a gift from Trog
 35633 | WizLab   | Found a transporter.
 35637 | WizLab   | Noticed a hellephant
 35666 | WizLab   | Found a transporter.
 35701 | WizLab   | Found a transporter.
 35979 | WizLab   | Found a transporter.
 35979 | WizLab   | Found a transporter.
 36025 | WizLab   | Found a transporter.
 36063 | WizLab   | Found a transporter.
 36128 | WizLab   | Found a corrupted altar of Lugonu.
 36128 | WizLab   | Found a transporter.
 36170 | WizLab   | Found a corrupted altar of Lugonu.
 36170 | WizLab   | Found a transporter.
 36262 | Abyss:3  | Cast into level 3 of the Abyss (reaper)
 36269 | Abyss:3  | Found a corrupted altar of Lugonu.
 36320 | Abyss:3  | Gained mutation: You have hidden genetic defects. [a
                  | neqoxec]
 36441 | Abyss:3  | Reached skill level 21 in Fighting
 36524 | Abyss:3  | Found a corrupted altar of Lugonu.
 36548 | Abyss:3  | Noticed a bone dragon
 36568 | Abyss:3  | Killed a bone dragon
 36572 | WizLab   | Escaped the Abyss
 36588 | WizLab   | HP: 10/283 [eldritch tentacle (11)]
 36588 | WizLab   | HP: 2/283 [eldritch tentacle (8)]
 36589 | WizLab   | Succumbed to an eldritch tentacle's poison

Illustrated notes

Levels and vault maps discovered:
D:1:      heliophobic_arrival_dark_side_of_the_moon, layout_basic
D:2:      layout_rooms, hellmonk_ecumenical_altar_leap_of_faith, uniq_terence
D:3:      layout_loops_ring, uniq_grinder
D:4:      layout_basic, gammafunk_ghost_grave, uniq_robin, uniq_duvessa
D:5:      layout_basic
D:6:      layout_rooms, minmay_temple_entry_overgrown, nicolae_shop_fire_sale
          [nicolae_sub_dead_trees]
D:7:      layout_gridville, mainiacjoe_overflow_alcove_2, serial_undead,
          serial_undead_b, serial_undead_f, serial_undead_d, serial_undead_c,
          serial_undead_b, serial_undead_d, serial_undead_c, serial_undead_f,
          gammafunk_ghost_cemetery
D:8:      layout_cave_pools, chequers_serial_rivers_large_a, uniq_maggie,
          uniq_psyche, uniq_erica, uniq_maurice
D:9:      minmay_cut_squares, layout_cave_pools, nicolae_overflow_squiral,
          minmay_fountain_box
D:10:     layout_grid_maze, ashenzari_conservatory_becter
D:11:     layout_rooms, due_lair_maze_entry_diamond, zombieorc2_lemuel,
          nicolae_twisting_strands
D:12:     layout_roguey, portal_ice_cave_demonic_guard, slow_altar_2,
          uniq_snorg, uniq_sonja
D:13:     layout_long_grid
D:14:     layout_roguey, hellmonk_vaults_keyhole, enter_trove_0, minivault_11,
          serial_glass, glass_columns_b, glass_columns_a,
          fake_guardian_serpent_vault
D:15:     gammafunk_enter_depths_forms, layout_basic, special_room
          [special_room_mythical_zoo], uniq_rupert, uniq_roxanne
Temple:   nicolae_temple_no_exploring_needed
Lair:1:   wad_woods_04, layout_hall_layers, infiniplex_staircase_pool,
          grunt_megastairs_5, uniq_urug, uniq_gastronok
Lair:2:   minmay_guarded_unrand_snakebite, layout_regular_city,
          alex1729_snake_entry_snake, minivault_23, grunt_megastairs_1,
          serial_bayou_shore_b
Lair:3:   layout_layer_cave, palyth_hydra_swamp_entry, uniq_fannar,
          uniq_nergalle
Lair:4:   layout_small_grid, slime_entry_1, nzn_ghost_randoct, wad_woods_01,
          lemuel_fruit_fields
Lair:5:   evilmike_catoblepas_cave, layout_long_grid, enter_volcano_3,
          lemuel_fruit_fields
Swamp:1:  layout_basic_swamp, serial_swamp_ruin, evilmike_swamp_ruin_house_3,
          evilmike_swamp_ruin_wall, swamp_pool_4
Swamp:2:  layout_basic_swamp, nicolae_swamp_oxbows, uniq_nikola, uniq_donald
Swamp:3:  layout_basic_swamp, evilmike_swamp_ruin_house_4
Swamp:4:  nzn_swamp_witches_coven, layout_basic_swamp, uniq_mara, uniq_mlioglotl
Snake:1:  gammafunk_sealed_arena, layout_gridlike, serial_shops,
          nicolae_shop_statue_plus, grunt_megastairs_2, uniq_aizul
Snake:2:  layout_honeycomb, basic_altar, nicolae_snake_gridmaze_swirls,
          drop_trap, minmay_shoptagon
Snake:3:  layout_cave_pods
Snake:4:  hellmonk_snake_rune_quicksilver_temple, layout_onion_interference,
          drop_trap, uniq_vashnia
Orc:1:    layout_diamond_mine, serial_shops, shop, nicolae_shop_trees, shop,
          nicolae_lakefront_shop, basic_altar
Orc:2:    grunt_orc_cross, layout_diamond_mine, ebering_ghost_rock_garden
Elf:1:    nicolae_elf_arrival_no_cutting_in_line, layout_onion_city,
          minmay_shop_mass, uniq_jorgrun
Elf:2:    elven_hall_of_blades_hangedman_original
          [nicolae_blade_entry_floor_patterns], layout_gridlike
Vaults:1: mu_enter_wizlab_5, nicolae_vaults_diamond_2,
          nicolae_vaults_doubleplus_tesselated,
          nicolae_vaults_storage_closets_2, nicolae_vaults_tetromino_L_2,
          ontoclasm_vaults_claustrophobia, nicolae_vaults_three_branches,
          ontoclasm_vaults_chip, vaults_dpeg_ring,
          nicolae_vaults_little_squares_6, layout_vaults_omnigrid, serial_shops,
          nicolae_shop_overgrown_old_shop
WizLab:   wizlab_golubria

Skill      XL: |  1  2  3  4  5  6  7  8  9 10 11 12 13 14 15 16 17 18 19 |
---------------+----------------------------------------------------------+-----
Axes           | 4 5 6 7 9 10 11 12 14 15 16 17 18 | 18.0
Fighting       | 4 5 6 8 9 10 12 13 14 15 16 17 18 19 21 | 21.1
Armour         | 3 4 5 6 7 9 10 11 12 13 14 16 17 18 19 20 | 20.7
Throwing       | 1 2 3 4 5 6 7 8 9 10 11 12 | 12.0
Dodging        | 3 4 5 6 7 8 9 10 11 12 13 | 13.0
Evocations     | 2 3 4 5 6 |  6.0
Shields        | 4 7 9 11 12 14 15 16 18 | 18.5
Maces & Flails | |  0.7

Action                     |  1- 3 |  4- 6 |  7- 9 | 10-12 | 13-15 | 16-18 | 19-21 || total
---------------------------+-------+-------+-------+-------+-------+-------+-------++-------
  Melee: Hand axe          |    61 |    24 |       |       |       |       |       ||    85
         Headbutt          |    13 |    14 |    25 |   118 |   328 |   387 |   106 ||   991
         Unarmed           |     2 |       |       |       |       |       |       ||     2
         War axe           |       |    35 |   133 |   549 |   429 |       |       ||  1146
         Punch             |       |     1 |     2 |       |       |       |       ||     3
         Whip              |       |       |       |       |    39 |    27 |       ||    66
         Broad axe         |       |       |       |       |   875 |  1365 |   402 ||  2642
         Demon whip        |       |       |       |       |       |    43 |       ||    43
  Throw: Boomerang         |       |     7 |    37 |    14 |   120 |   157 |    46 ||   381
         Dart              |       |       |     5 |    22 |    15 |     3 |       ||    45
         Javelin           |       |       |       |       |       |     3 |     1 ||     4
 Invoke: Berserk           |     1 |     2 |     4 |     6 |     3 |     7 |     2 ||    25
         Trog's Hand       |       |     1 |     1 |     2 |     2 |     5 |     5 ||    16
         Brothers in Arms  |       |       |       |       |       |       |     1 ||     1
  Evoke: Sack of spiders   |       |       |       |     1 |       |     3 |     1 ||     5
         Lightning rod     |       |       |       |       |       |     4 |       ||     4
         Wand              |       |       |       |       |       |     1 |       ||     1
         Tin of tremorston |       |       |       |       |       |     1 |       ||     1
         Phantom mirror    |       |       |       |       |       |     1 |       ||     1
         Phial of floods   |       |       |       |       |       |     2 |       ||     2
    Use: Scroll            |       |     4 |     1 |     6 |    10 |    21 |     1 ||    43
         Potion            |       |       |       |     4 |       |     3 |     6 ||    13
   Stab: Invisible         |       |       |       |     2 |       |       |     4 ||     6
         Distracted        |       |       |       |       |       |     1 |       ||     1
 Armour: Leather armour    |     3 |       |       |       |       |       |       ||     3
         Scale mail        |    23 |       |       |       |       |       |       ||    23
         Chain mail        |     4 |    46 |     9 |       |   386 |       |       ||   445
         Skin              |     1 |       |       |       |       |       |       ||     1
         Ring mail         |       |       |    80 |    42 |       |       |       ||   122
         Plate armour      |       |       |       |   372 |   337 |   818 |   233 ||  1760
  Dodge: Dodged            |    19 |    18 |    89 |   218 |   339 |   345 |   101 ||  1129
  Block: Kite shield       |       |       |       |   143 |   663 |   990 |   311 ||  2107
         Buckler           |       |       |       |    14 |       |       |       ||    14
         Reflection        |       |       |       |       |       |    24 |    42 ||    66
